 Dungeon Crawl Stone Soup version 0.28.0-43-g3370ac3207 (webtiles) character file.

Game seed: 7141165953006958576

506 tizbic2 the Archer (level 6, 0/37 HPs)
             Began as a Deep Elf Hunter on Mar 4, 2022.
             Slain by Eustachio
             ... wielding a +0 rapier
              (7 damage)
             ... on level 5 of the Dungeon.
             The game lasted 00:23:56 (4847 turns).

tizbic2 the Archer (Deep Elf Hunter)                Turns: 4847, Time: 00:23:56

Health: 0/37       AC: 16    Str: 11      XL:     6   Next: 97%
Magic:  13/13      EV:  5    Int: 16      God:
Gold:   159        SH:  0    Dex: 14 (15) Spells: 11/11 levels left

rFire   . . .      SeeInvis .   u - +1 mace (protect)
rCold   . . .      Faith    .   (no shield)
rNeg    . . .      Spirit   .   s - +0 chain mail
rPois   .          Reflect  .   (no helmet)
rElec   .          Harm     .   (no cloak)
rCorr   .          Rampage  .   o - +0 pair of gloves
Will    .....                   (no boots)
Stlth   ..........              q - amulet of the acrobat
HPRegen 0.12/turn               (no ring)
MPRegen 0.13/turn               (no ring)

@: under a protective aura
A: robust 1
a: no special abilities


You were on level 5 of the Dungeon.
You visited 1 branch of the dungeon, and saw 5 of its levels.

You collected 159 gold pieces.

Inventory:

Hand Weapons
 a - a +0 vampiric scythe
 u - a +1 mace of protection (weapon)
 w - a +1 shortbow
 x - a +0 dagger of venom
Missiles
 d - 70 arrows
 h - 8 poisoned darts (quivered)
Armour
 c - a +0 leather armour
 i - a +0 robe
 m - a +0 scale mail
 n - a +0 ring mail
 o - a +0 pair of gloves (worn)
 s - a +0 chain mail (worn)
Magical Staves
 b - a staff of death
 p - a staff of air
Jewellery
 q - an amulet of the acrobat (around neck)
Scrolls
 e - 2 scrolls of blinking {unknown}
 g - a scroll of enchant weapon {unknown}
 r - a scroll of amnesia {unknown}
 v - 2 scrolls of identify {unknown}
Potions
 f - a potion of might
 j - 2 potions of lignification
 k - a potion of degeneration {unknown}
 l - a potion of heal wounds {unknown}
 t - a potion of curing


   Skills:
 - Level 1.5 Fighting
 * Level 1.9(2.1) Polearms
 - Level 2.0(2.6) Staves
 + Level 8.0 Bows
 - Level 2.4 Dodging
 - Level 1.2 Stealth
 - Level 3.4 Spellcasting
 - Level 2.5 Necromancy
 - Level 2.2 Evocations


You had 11 spell levels left.
You didn't know any spells.
Your spell library contained the following spells:

 Spells                   Type           Power      Damage    Failure   Level
 Ensorcelled Hibernation  Hex/Ice        4%         N/A       100%        2
 Passwall                 Tmut/Erth      1%         N/A       100%        2
 Ozocubu's Armour         Ice            2%         N/A       100%        3
 Swiftness                Air            2%         N/A       100%        3
 Ozocubu's Refrigeration  Ice            1%         4d5       100%        7


Dungeon Overview and Level Annotations

Branches:
Dungeon (5/15)
 Temple: D:4-7

Altars:

Annotations:
D:5 Eustachio


Innate Abilities, Weirdness & Mutations

You are robust. (+10% HP)


Message History

You feel clumsy.
The quasit barely misses you. x2; Eustachio hits you with a +0 rapier.
The quasit bites you but does no damage.
The quasit claws you.
The quasit claws you but does no damage.
You barely miss Eustachio.
Eustachio is heavily wounded.
Eustachio casts a spell.
The quasit bites you.
The quasit claws you but does no damage. x2
Eustachio barely misses you.
You hit Eustachio.
Your weapon exudes an aura of protection.
Eustachio is heavily wounded.
The quasit bites you but does no damage.
The quasit claws you but does no damage. x2
The quasit barely misses you. x2
The quasit claws you but does no damage.
Eustachio hits you but does no damage.
You barely miss Eustachio.
Eustachio is heavily wounded.
The quasit disappears in a puff of smoke!
Eustachio hits you but does no damage.
You closely miss Eustachio.
Eustachio is heavily wounded.
Eustachio hits you with a +0 rapier. Eustachio hits you but does no damage.
You completely miss Eustachio.
Eustachio is heavily wounded.
Eustachio hits you with a +0 rapier.
* * * LOW HITPOINT WARNING * * *
You barely miss Eustachio.
Eustachio is heavily wounded.
Eustachio hits you with a +0 rapier.
* * * LOW HITPOINT WARNING * * *
Eustachio hits you but does no damage.
You hit Eustachio but do no damage.
Your weapon exudes an aura of protection.
Eustachio is heavily wounded.
Eustachio hits you with a +0 rapier!
You die...

#(# #.#
#.# #.#
#5# #5#
#@# #@#
#<#
.(5.@.(.#
#########


You could see Eustachio (poisoned), a quasit (summoned) and a shadow imp
(summoned).

Vanquished Creatures
  Sigmund (D:3)
  An orc priest (D:4)
  A bullfrog skeleton (D:4)
  2 orc wizards (D:4)
  10 gnolls
  5 adders
  5 worms
  4 dart slugs
  5 endoplasms
  A giant cockroach (D:3)
  7 goblins
  5 hobgoblins
  4 jackals (D:4)
  6 quokkas
  5 ball pythons
  7 bats
  8 frilled lizards
  6 kobolds
  7 rats
90 creatures vanquished.

Notes
Turn   | Place    | Note
-------+----------+-------------------------------------------
     0 | D:1      | tizbic2 the Deep Elf Hunter began the quest for the Orb.
     0 | D:1      | Reached XP level 1. HP: 12/12 MP: 3/3
   121 | D:1      | Reached skill level 1 in Spellcasting
   140 | D:1      | Reached XP level 2. HP: 16/16 MP: 5/5
   392 | D:1      | Reached skill level 6 in Bows
   917 | D:2      | Reached XP level 3. HP: 20/20 MP: 7/7
  1240 | D:2      | Reached skill level 1 in Necromancy
  1362 | D:2      | Reached skill level 1 in Evocations
  1362 | D:2      | Reached XP level 4. HP: 10/25 MP: 9/9
  1580 | D:2      | Identified the +0 leather armour of Paqi {Fly Dex+4 Slay-4}
  2324 | D:3      | Reached skill level 1 in Staves
  2800 | D:3      | Reached XP level 5. HP: 29/29 MP: 11/11
  3006 | D:3      | Noticed Sigmund
  3049 | D:3      | Gained mutation: You sometimes lose the ability to read
                  | scrolls when taking damage. [potion of mutation]
  3049 | D:3      | Gained mutation: You have large cloven feet. [potion of
                  | mutation]
  3056 | D:3      | Killed Sigmund
  3057 | D:3      | Reached skill level 7 in Bows
  3057 | D:3      | Reached XP level 6. HP: 5/34 MP: 11/13
  3331 | D:3      | Lost mutation: You sometimes lose the ability to read
                  | scrolls when taking damage. [potion of mutation]
  3331 | D:3      | Lost mutation: You have large cloven feet. [potion of
                  | mutation]
  3331 | D:3      | Gained mutation: You are robust. (+10% HP) [potion of
                  | mutation]
  4125 | D:4      | Reached skill level 1 in Polearms
  4618 | D:4      | Reached skill level 8 in Bows
  4819 | D:5      | Entered Level 5 of the Dungeon
  4819 | D:5      | Noticed Eustachio
  4847 | D:5      | Slain by Eustachio

Illustrated notes

Levels and vault maps discovered:
D:1:      dpeg_arrival_rooms_a, layout_basic,
          shapermc_ecumenical_altar_mp_urbaneastern, serial_forest,
          infiniplex_forest_clump_double, infiniplex_forest_straight_2,
          infiniplex_forest_corner_1, infiniplex_forest_join,
          infiniplex_forest_straight_2, infiniplex_forest_lined_corner,
          infiniplex_forest_lined_3
D:2:      minmay_wonky_spiral, layout_basic, chequers_serial_rivers_small_a,
          nicolae_underground_beach
D:3:      layout_loops_ring, kennysheep_minor_cross, uniq_sigmund
D:4:      layout_loops_cross
D:5:      layout_loops_ring, uniq_eustachio

Skill      XL: |  1  2  3  4  5  6 |
---------------+-------------------+-----
Spellcasting   | 1 2 3 |  3.4
Bows           | 6 7 8 |  8.0
Necromancy     | 1 2 |  2.5
Evocations     | 1 2 |  2.2
Staves         | 1 2 |  2.0
Polearms       | 1 |  1.9
Fighting       | |  1.5
Dodging        | |  2.4
Stealth        | |  1.2

Action                   |  1- 3 |  4- 6 || total
-------------------------+-------+-------++-------
Melee: Short sword       |     3 |       ||     3
       Staff             |     1 |    32 ||    33
       Punch             |       |     2 ||     2
       Shortbow          |       |     1 ||     1
       Scythe            |       |    16 ||    16
       Mace              |       |    11 ||    11
       Dagger            |       |     3 ||     3
 Fire: Shortbow          |   101 |   146 ||   247
Throw: Dart              |       |     2 ||     2
  Use: Scroll            |     1 |       ||     1
       Potion            |     1 |     6 ||     7
Armor: Leather armour    |     7 |       ||     7
       Scale mail        |       |    13 ||    13
       Ring mail         |       |    11 ||    11
       Skin              |       |     9 ||     9
       Chain mail        |       |    58 ||    58
Dodge: Dodged            |    18 |    80 ||    98
